 Dungeon Crawl Stone Soup version 0.30-b1-2-g02819fbbbe (webtiles) character file.

Game seed: 7893677107184876450

51 MajorAdolf the Trooper (level 3, -2/40 HPs)
             Began as a Naga Wanderer on Sept 20, 2023.
             Slain by an ogre
             ... wielding a +0 giant club
              (10 damage)
             ... on level 2 of the Dungeon.
             The game lasted 00:02:40 (1370 turns).

MajorAdolf the Trooper (Naga Wanderer)              Turns: 1370, Time: 00:02:40

Health: -2/40      AC:  2    Str: 15    XL:     3   Next: 81%
Magic:  3/3        EV:  9    Int: 10    God:
Gold:   97         SH:  0    Dex: 13    Spells: 2/2 levels left

rFire   . . .        l - +2 dagger (flame)
rCold   . . .        (no shield)
rNeg    . . .        d - +0 leather armour
rPois   +            (no helmet)
rElec   .            o - scarf {+Inv}
rCorr   .            (no gloves)
SInv    +            (no barding)
Will    .....        (no amulet)
Stlth   +            (no ring)
HPRegen 0.26/turn    (no ring)
MPRegen 0.08/turn

%: no passive effects
@: very slow
A: AC +1, large, see invisible, deformed body, poison resistance, slowness 2,
spit poison 1, naga tail 1
a: Spit Poison, Evoke Invisibility


You were on level 2 of the Dungeon.
You visited 1 branch of the dungeon, and saw 3 of its levels.

You collected 97 gold pieces.

Inventory:

Hand Weapons
 a - a +1 rapier
 l - a +2 dagger of flaming (weapon)
Armour
 d - a +0 leather armour (worn)
 o - a scarf of invisibility (worn)
Scrolls
 c - a scroll of fear
 f - 2 scrolls of identify {unknown}
 k - a scroll of teleportation {unknown}
 m - a scroll of vulnerability {unknown}
 n - a scroll of brand weapon {unknown}
Potions
 e - 2 potions of attraction {unknown}
 g - 2 potions of lignification {unknown}
 h - 2 potions of heal wounds {unknown}
 i - a potion of might {unknown}
 j - 2 potions of brilliance {unknown}
 p - a potion of mutation {unknown}
Miscellaneous
 b - a piece from Xom's chessboard (15/15)


   Skills:
 + Level 6.1 Fighting
 - Level 3.0 Short Blades
 - Level 1.0 Armour
 - Level 1.0 Evocations


You had 2 spell levels left.
You didn't know any spells.
Your spell library contained the following spells:

 Spells                   Type           Power      Damage    Failure   Level
 Blink                    Tloc           0%         N/A       56%         2
 Lesser Beckoning         Tloc           0%         N/A       56%         2
 Momentum Strike          Conj/Tloc      0%         3d8       56%         2


Dungeon Overview and Level Annotations

Branches:
Dungeon (3/15)

Altars:


Innate Abilities, Weirdness & Mutations

Your serpentine skin is tough. (AC +1)
You have supernaturally acute eyesight. (SInv)
Armour fits poorly on your strangely shaped body.
Your system is resistant to poisons. (rPois)
You cover ground very slowly.
You can spit poison.
You have a snake-like lower body.


Message History

Done exploring.
Done exploring.
Done exploring.
There is a stone staircase leading down here.
You climb downwards.
The ogre shouts!
Found 6 gold pieces, a chain mail and a scroll labelled DERCHA CUSI.
There is a stone staircase leading up here.
Unknown command.
Aiming: Spit Poison (2% risk of failure)
Press: ? - help, Shift-Dir - straight line, f - ogre
Aim: an ogre, wielding a +0 giant club (81% to hit)
The splash of poison hits the ogre!
The ogre is poisoned.
The ogre is moderately wounded.
A jackal comes into view.
Unknown command.
You have got your breath back.
Aiming: Spit Poison (2% risk of failure)
Press: ? - help, Shift-Dir - straight line, f/p - ogre
Aim: an ogre, wielding a +0 giant club (moderately wounded, poisoned, 81% to hit)
The splash of poison hits the ogre.
The ogre is moderately wounded.
Unknown command.
The jackal completely misses you. The ogre hits you with a +0 giant club!
You climb upwards.
You have got your breath back.
There is a stone staircase leading down here.
Aiming: Spit Poison (2% risk of failure)
Press: ? - help, Shift-Dir - straight line, f - ogre
Aim: an ogre, wielding a +0 giant club (heavily wounded, poisoned, 81% to hit)
The splash of poison hits the ogre.
The ogre looks even sicker.
The ogre is heavily wounded.
Unknown command.
The ogre attacks as you move away!
The ogre hits you with a +0 giant club!!
Ouch! That really hurt!
* * * LOW HITPOINT WARNING * * *
You have got your breath back.
The ogre hits you with a +0 giant club!
You die...

...## #.##.###....###....##..
....#######.##..##.#..###........
..........#)##............##.....
........................#####.#..
....#####................## #....
....# ###............##..# ####.
...#####.....#.....##..##.#### #.
..#......#...#..#..###.......###.
##.......#####..@#........##.....
#....<....##...#O#...............
#.........##.###......###.....#..
#.......^.#..# #>......######....
#...........## #.......# ##...
#.........### #.......# #...
#.........# ##.....## ##..
#.........# ##.....## #..
#....(....# #.......# #..


You could see an ogre (poisoned).

Vanquished Creatures
  An adder (D:2)
  2 worms (D:2)
  3 ball pythons
  5 bats
  2 endoplasms (D:1)
  2 giant cockroaches (D:1)
  A goblin (D:1)
  6 hobgoblins
  2 quokkas
  3 frilled lizards (D:2)
  3 kobolds (D:2)
  2 rats
  A spectral kobold (D:1)
33 creatures vanquished.

Notes
Turn   | Place    | Note
-------+----------+-------------------------------------------
     0 | D:1      | MajorAdolf the Naga Wanderer began the quest for the Orb.
     0 | D:1      | MajorAdolf set off with the following items: a +1 rapier, a
                  | piece from Xom's chessboard (15/15), a scroll of fear, a +0
                  | leather armour.
     0 | D:1      | Reached XP level 1. HP: 25/25 MP: 1/1
   149 | D:1      | Reached XP level 2. HP: 19/32 MP: 2/2
   531 | D:1      | Found a faded altar of an unknown god.
   743 | D:2      | Reached XP level 3. HP: 29/40 MP: 3/3
  1081 | D:2      | Reached skill level 6 in Fighting
  1360 | D:3      | Noticed an ogre
  1370 | D:2      | Slain by an ogre

Illustrated notes

Levels and vault maps discovered:
D:1:      roderic_crossed_star, layout_rooms,
          dreamdust_ecumenical_altar_drowned_temple, hangedman_glass_teeth,
          fountainhead
D:2:      layout_rooms, roderic_malta_cross
D:3:      layout_rooms

Skill      XL: |  1  2  3 |
---------------+----------+-----
Fighting       | 6 |  6.1
Short Blades   | |  3.0
Armour         | |  1.0
Evocations     | |  1.0

Action                     || total
---------------------------++-------
  Melee: Rapier            ||    51
         Dagger            ||    60
Ability: Spit Poison       ||     6
 Armour: Leather armour    ||    21
  Dodge: Dodged            ||    42
